 Dungeon Crawl Stone Soup version 0.29-a0-1052-g6990b1bffc (webtiles) character file.

Game seed: 2672335516169620242

23597 avis the Fighter (level 12, -4/127 HPs)
             Began as a Demigod Ice Elementalist on Aug 17, 2022.
             Slain by an elephant (6 damage)
             ... on level 3 of the Lair of Beasts on Aug 18, 2022.
             The game lasted 02:01:14 (19696 turns).

avis the Fighter (Demigod Ice Elementalist)        Turns: 19696, Time: 02:01:15

Health: -4/127     AC: 21    Str: 19    XL:     12   Next: 40%
Magic:  24/28      EV: 11    Int: 29    God:
Gold:   726        SH:  0    Dex: 14    Spells: 2/27 levels left

rFire   x . .      SeeInvis .     - Unarmed
rCold   + + +      Faith    .   (shield currently unavailable)
rNeg    . . .      Spirit   .   (body armour currently unavailable)
rPois   +          Reflect  .   (helmet currently unavailable)
rElec   .          Harm     .   (cloak currently unavailable)
rCorr   .          Rampage  .   (gloves currently unavailable)
Will    +....                   (boots currently unavailable)
Stlth   ++........              (no amulet)
HPRegen 0.31/turn               i - ring of wizardry
MPRegen 0.21/turn               q - +6 ring of strength

@: ice-armoured, about to teleport, ice-form, slowed, very slow
A: freezing attack, amphibious, boosted hp, large, high MP 1, forlorn, divine
attributes
a: End Transformation


You were on level 3 of the Lair of Beasts.
You were a creature of crystalline ice.
You visited 3 branches of the dungeon, and saw 13 of its levels.
You also visited: Bailey.

You collected 726 gold pieces.

Inventory:

Hand Weapons
 b - a +0 shortbow
Missiles
 h - 12 throwing nets
Armour
 a - the +6 leather armour of the Cartwright (melded) {rF+}
   (You found it on level 2 of the Dungeon)

   rF:        It protects you from fire.
 x - a +0 helmet (melded)
Jewellery
 i - a ring of wizardry (left front paw)
 q - a +6 ring of strength (right front paw)
Wands
 s - a wand of mindburst (6)
 A - a wand of polymorph (12)
 D - a wand of charming (12)
 M - a wand of quicksilver (7)
Scrolls
 c - a scroll of identify
 d - 4 scrolls of teleportation
 e - 4 scrolls of magic mapping
 f - a scroll of enchant armour {unknown}
 j - a scroll of fear {unknown}
 m - 2 scrolls of noise {unknown}
 p - a scroll of amnesia {unknown}
 t - 4 scrolls of vulnerability {unknown}
 C - a scroll of summoning {unknown}
 H - 2 scrolls of brand weapon {unknown}
 J - 2 scrolls of butterflies {unknown}
 L - 3 scrolls of poison
Potions
 g - 2 potions of lignification
 n - 2 potions of invisibility
 o - 3 potions of haste
 r - 4 potions of flight
 z - 2 potions of cancellation
 B - a potion of brilliance
 Q - a potion of might
 T - 2 potions of magic


   Skills:
 - Level 10.0 Fighting
 - Level 5.0 Dodging
 - Level 2.0 Stealth
 * Level 9.4 Unarmed Combat
 - Level 8.0 Spellcasting
 - Level 8.0 Transmutations
 - Level 8.0 Ice Magic
 - Level 2.0 Earth Magic
 - Level 1.0 Poison Magic


You had 2 spell levels left.
You knew the following spells:

 Your Spells              Type           Power      Damage    Failure   Level
a - Freeze                Ice            100%       1d11      1%          1
b - Beastly Appendage     Tmut           100%       N/A       1%          1
c - Passwall              Tmut/Erth      33%        N/A       1%          2
e - Wereblood             Tmut           55%        N/A       1%          2
o - Ozocubu's Armour      Ice            55%        N/A       1%          3
p - Spider Form           Tmut/Pois      37%        N/A       1%          3
q - Ice Form              Ice/Tmut       55%        N/A       1%          4
r - Frozen Ramparts       Ice            100%       1d16      1%          3
S - Statue Form           Tmut/Erth      26%        N/A       32%         6

Your spell library contained the following spells:

 Spells                   Type           Power      Damage    Failure   Level
 Call Imp                 Summ           11%        N/A       2%          2
 Static Discharge         Conj/Air       11%        3-5/arc   2%          2
 Ignite Poison            Fire/Tmut/Pois 29%        N/A       1%          3
 Petrify                  Tmut/Erth      40%        N/A       2%          4
 Stone Arrow              Conj/Erth      34%        3d9       3%          3
 Hailstorm                Conj/Ice       34%        3d9       3%          4
 Mephitic Cloud           Conj/Pois/Air  13%        N/A       4%          3
 Conjure Flame            Conj/Fire      11%        6-21      6%          3
 Dazzling Flash           Conj/Hex       22%        N/A       6%          3
 Metabolic Englaciation   Hex/Ice        17%        N/A       10%         5
 Yara's Violent Unravell  Hex/Tmut       17%        3d8       10%         5
 Iskenderun's Mystic Bla  Conj/Tloc      11%        2d4       17%         4
 Sticky Flame             Conj/Fire      11%        2d3       17%         4
 Lightning Bolt           Conj/Air       5%         1d17      43%         5
 Manifold Assault         Tloc           11%        N/A       43%         5
 Simulacrum               Ice/Necr       17%        N/A       45%         6
 Starburst                Conj/Fire      5%         6d4       93%         6
 Spellforged Servitor     Conj/Summ      5%         N/A       100%        7
 Maxwell's Capacitive Co  Air            5%         ∞         100%        8


Dungeon Overview and Level Annotations

Branches:
Dungeon (9/15)             Temple (1/1) D:7            Lair (3/5) D:9
  Snake (0/4) Lair:2          Orc (0/2) D:9          Bailey (visited)
  Swamp: Lair:2-3    Shoals: Lair:2-3

Annotations:
D:8 1 runed translucent door, zeratav's ghost, novice OpVM


Innate Abilities, Weirdness & Mutations

You are a creature of crystalline ice.
You have a powerful freezing melee attack.
You are amphibious.
Your maximum health is increased.
Your armour is entirely melded.
You are incapable of wielding weapons or throwing items.
You have an increased reservoir of magic. (+10% MP)
You shall have no god before yourself.
Your divine heritage dramatically boosts your attributes as you level up.


Message History

The elephant closely misses you. The elephant misses you.
The torpor snail bites you but does no damage.
Casting: Ice Form (mildly dangerous; 1% risk of failure)
Confirm with . or Enter, or press ? or * to list all spells.
Your icy body feels more resilient.
The elephant tramples you but does no damage.
The elephant trunk-slaps you.
* * * LOW HITPOINT WARNING * * *
The elephant tramples you but does no damage.
The elephant trunk-slaps you but does no damage.
The elephant completely misses you.
The elephant trunk-slaps you but does no damage.
The elephant tramples you but does no damage.
The elephant trunk-slaps you but does no damage.
The torpor snail bites you!
* * * LOW HITPOINT WARNING * * *
The elephant tramples you!
* * * LOW HITPOINT WARNING * * *
You hold your ground!
The elephant trunk-slaps you but does no damage.
The elephant barely misses you.
The elephant trunk-slaps you but does no damage.
The elephant tramples you but does no damage.
The elephant trunk-slaps you but does no damage.
The elephant tramples you.
* * * LOW HITPOINT WARNING * * *
You hold your ground!
The elephant trunk-slaps you.
* * * LOW HITPOINT WARNING * * *
You feel much better.
The elephant tramples you but does no damage.
The elephant closely misses you. The elephant tramples you!
* * * LOW HITPOINT WARNING * * *
You hold your ground!
The elephant closely misses you. x2
The elephant trunk-slaps you but does no damage.
The elephant tramples you but does no damage.
The elephant closely misses you. The torpor snail bites you!
* * * LOW HITPOINT WARNING * * *
As you read the scroll of teleportation, it crumbles to dust.
You feel strangely unstable. The elephant tramples you.
You die...

#.?..........
##..............#..
#...............#..
#.................
#.................
##.................
#..................
#PYY...............
##YY.<.............
#Yw...............
##.................
#..................
#..................
##.................
#.................
#.................
#.###........


You could see 4 elephants and a torpor snail.

Vanquished Creatures
  5 hydras
  3 death yaks (D:9)
  5 elephants (Lair:3)
  3 black mambas
  9 cane toads
  4 komodo dragons
  A rime drake (Lair:1)
  A polar bear (Lair:2)
  5 blink frogs (Lair:2)
  4 dream sheep
  Sigmund (D:5)
  5 wyverns
  A wraith (D:8)
  A basilisk (Lair:2)
  8 yaks
  3 steam dragons
  Grum (Bailey)
  Edmund (D:5)
  2 nagas (Lair:2)
  An acid dragon (D:9)
  Duvessa (D:5)
  5 water moccasins
  A swamp drake (D:9)
  5 orc warriors
  An ice beast (D:7)
  2 black bears
  19 wolves
  3 ogres
  4 centaurs
  A kobold brigand (D:8)
  2 phantoms
  Blork the orc (D:5)
  10 bullfrogs
  7 gnoll sergeants (Bailey)
  2 scorpions
  Dowan (D:5)
  13 killer bees
  5 howler monkeys
  An electric eel (Lair:3)
  6 hounds
  7 orc priests
  6 gnoll boudas
  2 iguanas (D:6)
  7 orc wizards
  2 hell rats (D:9)
  26 gnolls
  5 river rats (D:9)
  10 adders
  A white imp (D:6)
  3 ufetubi (D:5)
  3 worms
  3 dart slugs
  33 orcs
  6 ball pythons
  6 endoplasms
  4 giant cockroaches
  6 goblins
  5 hobgoblins
  10 jackals
  2 quokkas (D:2)
  4 bats
  7 frilled lizards
  10 kobolds
  3 rats
325 creatures vanquished.

Vanquished Creatures (others)
  13 fungi
  10 plants
23 creatures vanquished.

Grand Total: 348 creatures vanquished

Notes
Turn   | Place    | Note
-------+----------+-------------------------------------------
     0 | D:1      | avis the Demigod Ice Elementalist began the quest for the
                  | Orb.
     0 | D:1      | Reached XP level 1. HP: 14/14 MP: 5/5
   316 | D:1      | Reached skill level 1 in Fighting
   944 | D:1      | Reached XP level 2. HP: 18/23 MP: 4/7
  1341 | D:2      | Reached skill level 2 in Fighting
  1824 | D:2      | Reached XP level 3. HP: 29/29 MP: 5/9
  1961 | D:2      | Learned a level 3 spell: Ozocubu's Armour
  2043 | D:2      | Identified the +6 leather armour of the Cartwright {rF+}
  2898 | D:3      | Reached XP level 4. HP: 18/36 MP: 6/11
  3047 | D:2      | Learned a level 3 spell: Frozen Ramparts
  3049 | D:2      | Learned a level 1 spell: Beastly Appendage
  3616 | D:3      | Identified the +9 short sword "Caistixt" {pain, Str+4
                  | Dex-3}
  4259 | D:4      | Reached XP level 5. HP: 34/41 MP: 9/12
  4271 | D:4      | Reached skill level 5 in Ice Magic
  4386 | D:4      | Reached XP level 6. HP: 24/48 MP: 3/15
  4992 | D:5      | Entered Level 5 of the Dungeon
  4993 | D:5      | Noticed Duvessa
  4993 | D:5      | Noticed Dowan
  5266 | D:5      | Noticed Blork the orc
  5272 | D:5      | Killed Blork the orc
  5447 | D:5      | Noticed Edmund
  5471 | D:5      | Killed Edmund
  5472 | D:5      | Reached skill level 3 in Fighting
  5666 | D:5      | Reached XP level 7. HP: 57/57 MP: 9/16
  6161 | D:5      | Reached skill level 5 in Spellcasting
  6340 | D:5      | Noticed Sigmund
  6347 | D:5      | Killed Dowan
  6347 | D:5      | Killed Sigmund
  6349 | D:5      | Killed Duvessa
  6350 | D:5      | Reached skill level 4 in Fighting
  6350 | D:5      | Reached XP level 8. HP: 62/66 MP: 13/19
  6501 | D:5      | Reached skill level 1 in Transmutations
  6687 | D:5      | Learned a level 3 spell: Spider Form
  6690 | D:5      | Learned a level 2 spell: Wereblood
  7388 | D:6      | You fall into a shaft and drop 3 floors!
  7399 | D:8      | Identified the +1 leather armour of Maetips {rElec rF+ rC+}
  7410 | D:8      | Reached skill level 1 in Poison Magic
  7418 | D:8      | Found a flagged portal.
  7450 | Bailey   | Entered a bailey
  7481 | Bailey   | Reached skill level 1 in Unarmed Combat
  8052 | Bailey   | Reached skill level 5 in Fighting
  8134 | Bailey   | Noticed Grum
  8141 | Bailey   | Killed Grum
  8162 | Bailey   | Reached XP level 9. HP: 60/74 MP: 13/21
  8572 | Bailey   | Got the Folio of Variation and the Throng
  8578 | Bailey   | Learned a level 4 spell: Ice Form
  8677 | D:8      | Found a runed translucent door.
  8677 | D:8      | Noticed a green ugly thing
  8677 | D:8      | Noticed zeratav's ghost (novice OpVM)
  9012 | D:7      | Found a staircase to the Ecumenical Temple.
  9021 | Temple   | Entered the Ecumenical Temple
  9193 | D:7      | Reached skill level 6 in Fighting
 10135 | D:6      | Reached skill level 5 in Unarmed Combat
 10450 | D:6      | Learned a level 2 spell: Passwall
 10744 | D:7      | Got the Verses on the Harmful Tesseract
 12017 | D:8      | Reached XP level 10. HP: 78/83 MP: 18/24
 12606 | D:9      | Noticed a death yak
 12670 | D:9      | Noticed a death yak
 12671 | D:9      | Noticed a death yak
 13550 | D:9      | Found a staircase to the Lair.
 13932 | D:9      | Reached skill level 7 in Fighting
 14089 | D:9      | Found a staircase to the Orcish Mines.
 14296 | D:9      | Killed a death yak
 14300 | D:9      | Killed a death yak
 14309 | D:9      | Killed a death yak
 14507 | D:9      | Learned a level 6 spell: Statue Form
 14532 | Lair:1   | Entered Level 1 of the Lair of Beasts
 14543 | Lair:1   | Reached skill level 5 in Transmutations
 14622 | Lair:1   | Noticed a five-headed hydra
 14638 | Lair:1   | Killed a five-headed hydra
 14639 | Lair:1   | Reached XP level 11. HP: 92/92 MP: 15/27
 14916 | Lair:1   | Reached skill level 8 in Fighting
 15203 | Lair:1   | Noticed a seven-headed hydra
 15211 | Lair:1   | Killed a seven-headed hydra
 15908 | Lair:2   | Noticed a seven-headed hydra
 15919 | Lair:2   | Killed a seven-headed hydra
 15998 | Lair:2   | Noticed an eight-headed hydra
 16427 | Lair:2   | Found a staircase to the Snake Pit.
 16713 | Lair:2   | Killed an eight-headed hydra
 16893 | Lair:2   | Reached skill level 5 in Dodging
 17178 | Lair:1   | Reached XP level 12. HP: 103/103 MP: 17/28
 17981 | Lair:3   | Reached skill level 9 in Fighting
 18742 | Lair:3   | Reached skill level 10 in Fighting
 18785 | Lair:3   | Noticed a five-headed hydra
 18794 | Lair:3   | Killed a five-headed hydra
 19694 | Lair:3   | HP: 4/127 [elephant (4)]
 19695 | Lair:3   | HP: 1/127 [torpor snail (8)]
 19696 | Lair:3   | Slain by an elephant

Illustrated notes

Levels and vault maps discovered:
D:1:      co_arrival_square_in_a_square_in_a_square, layout_basic,
          dreamdust_ecumenical_altar_grove, serial_bayou_pond_e
D:2:      layout_loops_cross
D:3:      layout_basic
D:4:      layout_cave_pools
D:5:      layout_basic, chequers_temple_overflow_minitemple, uniq_blork_the_orc,
          uniq_duvessa, uniq_edmund, uniq_sigmund
D:6:      layout_cave_pods, grunt_temple_overflow_open, grunt_ministairs_13,
          st_stairs_2
D:7:      layout_loops_cross, minmay_temple_entry_mini_moons
D:8:      layout_layer_cave, enter_bailey_3, ebering_ghost_inner_flame,
          enter_ossuary_1, minmay_tree_intersection
D:9:      layout_long_grid, dpeg_lair_monsters, erik_orc_1,
          hangedman_abyss_or_decor_stabs
Temple:   nicolae_temple_x_marks_the_god
Lair:1:   layout_regular_city
Lair:2:   layout_chaotic_city, guppyfry_snake_entry_island,
          hangedman_lair_generics_rect
Lair:3:   layout_long_grid, minmay_swamp_entry_worms, nicolae_lair_lil_pond,
          serial_bayou_shore_b

Skill      XL: |  1  2  3  4  5  6  7  8  9 10 11 12 |
---------------+-------------------------------------+-----
Fighting       | 1 2 3 4 5 6 7 8 10 | 10.0
Spellcasting   | 2 3 4 5 6 7 8 |  8.0
Dodging        | 2 5 |  5.0
Stealth        | 2 |  2.0
Ice Magic      | 4 5 6 7 8 |  8.0
Transmutations | 2 5 8 |  8.0
Poison Magic   | 1 |  1.0
Unarmed Combat | 1 6 7 8 9 |  9.4
Earth Magic    | 2 |  2.0

Action                   |  1- 3 |  4- 6 |  7- 9 | 10-12 || total
-------------------------+-------+-------+-------+-------++-------
Melee: Unarmed           |     5 |       |    43 |   227 ||   275
       Short sword       |       |    60 |    74 |       ||   134
       Punch             |       |     1 |     1 |     1 ||     3
 Fire: Sling             |     6 |     2 |     3 |       ||    11
       Shortbow          |       |       |    49 |    69 ||   118
 Cast: Freeze            |    81 |    10 |     5 |     2 ||    98
       Ozocubu's Armour  |       |    15 |    49 |    46 ||   110
       Frozen Ramparts   |       |    14 |    46 |    56 ||   116
       Spider Form       |       |       |     8 |       ||     8
       Ice Form          |       |       |       |    30 ||    30
       Wereblood         |       |       |       |     4 ||     4
Evoke: Wand              |       |       |    12 |       ||    12
  Use: Potion            |       |       |     8 |     4 ||    12
       Scroll            |       |       |     8 |     9 ||    17
 Stab: Sleeping          |     3 |     1 |     1 |     1 ||     6
Armor: Robe              |    12 |       |       |       ||    12
       Leather armour    |     6 |    28 |    79 |    37 ||   150
       Skin              |       |       |     3 |   216 ||   219
Dodge: Dodged            |    29 |    45 |   166 |   205 ||   445

Table legend: (Time is in decaauts)
 A = Elapsed time spent in this place.
 B = Non-inter-level travel time spent in this place.
 C = Inter-level travel time spent in this place.
 D = Time resting spent in this place.
 E = Time spent auto-exploring this place.
 F = Levels seen in this place.
 G = Mean time per level.
                   A        B        C        D        E       F      G
               +--------+--------+--------+--------+--------+-----+--------+
         Total |  19750 |  18450 |   1300 |   7793 |   7076 |  14 | 1410.7 |
       Dungeon |  13447 |  12347 |   1100 |   4593 |   5523 |   9 | 1494.1 |
        Temple |     29 |     27 |      2 |      0 |      0 |   1 |   29.0 |
          Lair |   5066 |   4869 |    197 |   2420 |   1553 |   3 | 1688.7 |
        Bailey |   1207 |   1207 |      0 |    780 |      0 |   1 | 1207.0 |
               +--------+--------+--------+--------+--------+-----+--------+

Top non-repeatable levels by time:
  Lair:2: 2173 daAuts
     D:9: 1924 daAuts
     D:5: 1821 daAuts
     D:7: 1762 daAuts
  Lair:1: 1600 daAuts
     D:1: 1486 daAuts
     D:8: 1447 daAuts
     D:2: 1362 daAuts
     D:6: 1325 daAuts
     D:3: 1310 daAuts
  Lair:3: 1293 daAuts
  Bailey: 1207 daAuts
     D:4: 1004 daAuts
  Temple: 29 daAuts
